 Dungeon Crawl Stone Soup version 0.21-a0-536-gdbbf329 (webtiles) character file.

78 Astral24 the Skirmisher (level 4, -1/41 HPs)
             Began as a Minotaur Chaos Knight on Dec 11, 2017.
             Slain by Grinder (5 damage)
             ... on level 3 of the Dungeon on Dec 14, 2017.
             The game lasted 00:10:21 (1725 turns).

Astral24 the Skirmisher (Minotaur Chaos Knight)     Turns: 1725, Time: 00:10:23

Health: -1/41      AC: 11    Str: 18    XL:     4   Next: 15%
Magic:  3/3        EV:  5    Int:  7    God:    Xom [....*.]
Gold:   113        SH:  0    Dex:  9    Spells: 3/3 levels left

rFire    . . .     SeeInvis .   a - +0 hand axe (chaos)
rCold    + . .     Gourm    .   (no shield)
rNeg     . . .     Faith    .   o - +0 plate armour
rPois    .         Spirit   .   (helmet restricted)
rElec    .         Reflect  .   (no cloak)
rCorr    .         Harm     .   (no gloves)
MR       .....     Clarity  +   (no boots)
Stlth    ..........             (no amulet)
HPRegen  0.13/turn              t - ring of protection from cold
MPRegen  0.08/turn              (no ring)

@: no status effects
A: retaliatory headbutt, horns 2, clarity, dopey 1
a: Renounce Religion


You were on level 3 of the Dungeon.
You worshipped Xom.
You were a beloved toy of Xom.
You were not hungry.

You visited 1 branch of the dungeon, and saw 3 of its levels.

You collected 113 gold pieces.

Inventory:

Hand Weapons
 a - a +0 hand axe of chaos (weapon)
 u - a +0 hunting sling
Missiles
 e - 130 stones (quivered)
Armour
 b - a +2 leather armour
 o - a +0 plate armour (worn)
Jewellery
 t - a ring of protection from cold (left hand)
Scrolls
 f - 7 scrolls of identify {unknown}
 k - a scroll of magic mapping {unknown}
 l - 4 scrolls of immolation {unknown}
 n - 3 scrolls of teleportation {unknown}
 p - 2 scrolls of remove curse {unknown}
 s - a scroll of fog {unknown}
 v - a scroll of noise {unknown}
Potions
 g - a potion of curing {unknown}
 h - 2 potions of flight {unknown}
 j - a potion of lignification {unknown}
 m - a potion of haste {unknown}
Comestibles
 c - a bread ration
 d - 3 fruits
 i - a meat ration
 q - 7 chunks of flesh
 r - a royal jelly


   Skills:
 + Level 4.8 Fighting
 + Level 4.6 Axes
 + Level 2.9 Armour
 + Level 1.6 Dodging
 + Level 0.1 Stealth


You had 3 spell levels left.
You didn't know any spells.

Dungeon Overview and Level Annotations

Branches:
Dungeon (3/15)

Altars:

Annotations:
D:3 Grinder


Innate Abilities, Weirdness & Mutations

You reflexively headbutt those who attack you in melee.
You have a pair of horns on your head.
You possess an exceptional clarity of mind.
You are dopey. (Int -2)


Message History

You barely miss Grinder. Your headbutt misses Grinder. Grinder hits you!
You writhe in agony.
You hit Grinder.
Space bends around Grinder.
Grinder is moderately wounded.
Grinder hits you but does no damage.
You slash Grinder!
Grinder flickers and vanishes!
Deactivating autopickup; reactivate with Ctrl-A.
Xom thinks this is hilarious!
Something hits you but does no damage.
You miss something. Something hits you.
You writhe in agony.
You closely miss something. Something hits you.
You writhe in agony.
You closely miss something. Your headbutt misses something.
Something hits you but does no damage.
You closely miss something. Something hits you.
You writhe in agony.
* * * LOW HITPOINT WARNING * * *
You hit something. You burn something. Something hits you.
* * * LOW HITPOINT WARNING * * *
You writhe in agony.
You die... "It was about time."

.# # ..#### #. #. .###.
...... #.
.##.###...###...#.# #.
....##...........# #.
#..#.#.#........####.##
#....>............#...####
#....#.#........#...#.....
#.###...#...#Z......#
#...####
#..........##@#...#.#
##.## ####...#####{##.##
#.## ###..## #..
###.###.#####. #..).# ##.#
#........... #.#..# .#
#####.###### #.#..# .#
##.######
...###.#..#######.#
#...(....
#.....)........#.#
#...#####
.[.###.....)..#.#.# #...#
###


You could see a friendly bat zombie.

Vanquished Creatures
  An adder (D:2)
  An ooze (D:3)
  A worm (D:2)
  3 dart slugs (D:1)
  A leopard gecko (D:1)
  An orc (D:3)
  3 giant cockroaches
  3 goblins (D:3)
  7 hobgoblins
  8 jackals (D:1)
  A quokka (D:3)
  3 ball pythons (D:1)
  4 bats
  7 kobolds
  9 rats
53 creatures vanquished.

Notes
Turn   | Place    | Note
-------+----------+-------------------------------------------
     0 | D:1      | Astral24 the Minotaur Chaos Knight began the quest for the Orb.
     0 | D:1      | Reached XP level 1. HP: 19/19 MP: 0/0
    20 | D:1      | XOM: silly message
    29 | D:1      | XOM: god gift: 11 stones
    92 | D:1      | Upgraded the game from 0.21-a0-529-g8c7b3f5 to 0.21-a0-531-gacddea6
    92 | D:1      | Upgraded the game from 0.21-a0-531-gacddea6 to 0.21-a0-536-gdbbf329
   162 | D:1      | XOM: confuse monster(s)
   230 | D:1      | Reached XP level 2. HP: 20/27 MP: 1/1
   403 | D:1      | Reached XP level 3. HP: 34/34 MP: 2/2
  1451 | D:2      | XOM: 1-stop teleportation journey
  1566 | D:3      | Reached XP level 4. HP: 37/41 MP: 3/3
  1593 | D:3      | XOM: give mutations
  1593 | D:3      | Gained mutation: You are dopey. (Int -2) [Xom's mischief]
  1593 | D:3      | Gained mutation: You possess an exceptional clarity of mind. [Xom's mischief]
  1713 | D:3      | Noticed Grinder
  1713 | D:3      | Paralysed by Grinder for 2 turns
  1725 | D:3      | Slain by Grinder

Vault maps used:
D:1:      giann_horns, serial_bayou_lake_a
D:3:      minmay_misc_feat_tower, uniq_grinder, uniq_jessica

Skill      XL: |  1  2 |
---------------+-------+-----
Fighting       | 4 |  4.8
Axes           | 4 |  4.6
Armour         | |  2.9
Dodging        | |  1.6
Stealth        | |  0.1

Action                   |  1- 3 |  4- 6 || total
-------------------------+-------+-------++-------
Melee: Hand axe          |    80 |    17 ||    97
       Headbutt          |     7 |     1 ||     8
Throw: Stone             |     9 |       ||     9
 Stab: Paralysed         |     1 |       ||     1
  Eat: Chunk             |     1 |     1 ||     2
       Fruit             |     1 |       ||     1
Armor: Leather armour    |    26 |       ||    26
       Plate armour      |    17 |     8 ||    25
Dodge: Dodged            |    35 |     3 ||    38

Table legend:
 A = Spawn XP
 B = Non-spawn XP
 C = Spawn XP percentage of total XP
 D = Spawn monster count
 E = Non-spawn monster count
 F = Spawn count percentage of total count
 G = Total turns spent on level
                    A         B        C        D         E        F      G
               +---------+---------+-------+---------+---------+-------+---------
         Total |       0 |     112 |   0.0 |       0 |      53 |   0.0 |  1725
               +---------+---------+-------+---------+---------+-------+---------
           D:1 |       0 |      60 |   0.0 |       0 |      32 |   0.0 |  1056
           D:2 |       0 |      28 |   0.0 |       0 |       9 |   0.0 |   461
           D:3 |       0 |      24 |   0.0 |       0 |      12 |   0.0 |   208
               +---------+---------+-------+---------+---------+-------+---------
